 Dungeon Crawl Stone Soup version 0.30-b1-2-g02819fbbbe (webtiles) character file.

Game seed: 1755992590396875637

105898 LLlMATKO the Severer (level 15, -24/144 HPs)
             Began as a Minotaur Berserker on Sept 2, 2023.
             Was a High Priest of Trog.
             Annihilated by a radroach (38 damage)
             ... on level 1 of the Spider Nest.
             The game lasted 00:31:07 (25429 turns).

LLlMATKO the Severer (Minotaur Berserker)          Turns: 25429, Time: 00:31:07

Health: -24/144    AC: 26    Str: 29    XL:     15   Next: 96%
Magic:  14/14      EV: 11    Int:  4    God:    Trog [*****.]
Gold:   2305       SH:  0    Dex: 10    Spells: 14/14 levels left

rFire   + . .        Y - +3 war axe (venom)
rCold   . . .        z - +0 tower shield
rNeg    . . .        G - +0 plate armour {Will+}
rPois   +            T - +1 hat
rElec   .            M - +2 cloak {rPois}
rCorr   .            O - +1 pair of gloves
SInv    +            S - +0 pair of boots
Will    ++...        P - amulet of regeneration Stlth
                     K - ring of see invisible
HPRegen 1.24/turn    I - ring of protection from fire
MPRegen 0.14/turn

%: no passive effects
@: confused, lethally poisoned (-24 -> -57), studying Evocations
A: horns 2, retaliatory headbutt
a: Renounce Religion, Berserk, Trog's Hand, Brothers in Arms


You were on level 1 of the Spider Nest.
You worshipped Trog.
Trog was extremely pleased with you.
You visited 4 branches of the dungeon, and saw 23 of its levels.
You also visited: Bailey.

You collected 2305 gold pieces.

Inventory:

Hand Weapons
 n - a +1 spectral hand axe
 A - a +0 war axe of flaming
 B - a +1 heavy spear
 R - the +6 whip of Jiapaare {elec, rN+++ Will+ rCorr Str-2}
   (You found it on level 1 of the Lair of Beasts)

   Str:       It affects your strength (-2).
   rN:        It renders you almost immune to negative energy.
   rCorr:     It protects you from acid and corrosion.
   Will:      It increases your willpower.
 V - a +4 antimagic broad axe
 Y - a +3 war axe of venom (weapon)
Missiles
 y - a throwing net
 F - 21 poisoned darts (quivered)
 N - 10 javelins
Armour
 z - a +0 tower shield (worn)
 G - a +0 plate armour of willpower (worn)
 M - a +2 cloak of poison resistance (worn)
 O - a +1 pair of gloves (worn)
 S - a +0 pair of boots (worn)
 T - a +1 hat (worn)
Jewellery
 v - a ring of willpower
 H - a ring of protection from cold
 I - a ring of protection from fire (right hand)
 J - a ring of fire
 K - a ring of see invisible (left hand)
 P - an amulet of regeneration (around neck)
 U - a ring of protection from fire
 W - the ring "Zyisah" {Fire rCorr Str+4 Int-5 Dex+4 SInv}
   (You found it on level 2 of the Lair of Beasts)

   [ring of fire]

   It enhances your fire magic.
   Str:       It affects your strength (+4).
   Int:       It affects your intelligence (-5).
   Dex:       It affects your dexterity (+4).
   rF:        It protects you from fire.
   rC:        It makes you vulnerable to cold.
   SInv:      It lets you see invisible.
   rCorr:     It protects you from acid and corrosion.
Wands
 j - a wand of paralysis (14)
 k - a wand of acid (8)
 q - a wand of flame (71)
 L - a wand of polymorph (21)
 Q - a wand of mindburst (10)
 X - a wand of digging (5)
Scrolls
 c - 2 scrolls of blinking
 d - 23 scrolls of identify
 e - 13 scrolls of teleportation
 f - 10 scrolls of enchant weapon
 o - 2 scrolls of enchant armour
 t - 5 scrolls of noise
 u - a scroll of vulnerability {unknown}
 x - 3 scrolls of summoning
 C - 3 scrolls of fear
Potions
 a - 3 potions of might {unknown}
 b - 6 potions of mutation {unknown}
 g - 3 potions of invisibility {unknown}
 h - 12 potions of curing
 i - 2 potions of brilliance {unknown}
 l - 10 potions of heal wounds {unknown}
 m - 2 potions of resistance {unknown}
 p - 7 potions of attraction {unknown}
 r - 2 potions of magic {unknown}
 s - 4 potions of lignification {unknown}
 w - 7 potions of haste {unknown}
 D - 9 potions of ambrosia {unknown}
 E - 3 potions of cancellation {unknown}
 Z - 2 potions of flight {unknown}


   Skills:
 + Level 16.2 Fighting
 + Level 19.4 Axes
 + Level 15.9 Armour
 + Level 14.7 Dodging
 + Level 14.5 Shields


You had 14 spell levels left.
You didn't know any spells.
Your spell library was empty.

Dungeon Overview and Level Annotations

Branches:
Dungeon (15/15)            Temple (0/1) D:4            Lair (5/5) D:10
 Shoals (0/4) Lair:2       Spider (1/4) Lair:3        Slime (0/5) Lair:5
    Orc (2/2) D:12            Elf (0/3) Orc:2        Vaults (0/5) D:13
 Depths (0/4) D:15         Bailey (visited)

Altars:
Ashenzari
Gozag
Okawaru
Uskayaw
The Shining One

Shops:
D:14 !   Orc:2 [=*(


Innate Abilities, Weirdness & Mutations

You have a pair of horns on your head.
You reflexively headbutt those who attack you in melee.


Message History

You're too confused to move!
You feel extremely sick.
You kill the redback!
Trog accepts your kill.
The redback bites you but does no damage.
The redback bites you!
The radroach bites you but does no damage.
The radroach closely misses you. The redback barely misses you.
The redback bites you!
You are lethally poisoned!
The redback poisons you!
You are too confused!
You bump into the rock wall.
* * * LOW HITPOINT WARNING * * *
You feel extremely sick. The radroach closely misses you.
The radroach claws you.
* * * LOW HITPOINT WARNING * * *
The redback bites you but does no damage.
The redback barely misses you.
You hit the radroach.
The radroach is lightly wounded.
You slice the redback!!
You kill the redback!
Trog accepts your kill.
You closely miss the redback.
* * * LOW HITPOINT WARNING * * *
You feel extremely sick. The redback completely misses you.
The radroach bites you but does no damage.
The radroach closely misses you.
You hit the radroach.
The radroach is lightly wounded.
You hit the redback but do no damage.
The redback looks even sicker.
* * * LOW HITPOINT WARNING * * *
You feel extremely sick.
You kill the redback!
Trog accepts your kill.
The radroach erupts in a fountain of uncontrolled magic!
You are blasted with magical radiation!!!
You die...

.#=.#...###
....####...#
.#..#.###
#.#..#....##
###..##
#####.#...#.)#
.....#
#......##...##
)..###
##...#.......#
.###
######.#.#####
.#
..#.##.#....#
..#
#.....^B...##
....#
#...##†@####
#...# #
#...†.# #[..#
#...##.. ..##
#.#. ##.. #..
# . ... . ....
#. #.#.. (..##


You could see a radroach (poisoned).

Vanquished Creatures
  Rupert (Lair:4)
  Agnes (D:14)
  Louise (D:14)
  An orc warlord (Orc:2)
  A dire elephant (Lair:5)
  The ghost of Farlane the Cleaver, a journeyman HOMo of Beogh (Orc:2)
  2 ettins
  A fire dragon (Lair:5)
  Harold (D:9)
  3 catoblepae
  9 hydras
  3 boulder beetles
  Erica (Lair:2)
  6 two-headed ogres
  14 death yaks
  5 centaur warriors
  2 tengu warriors (D:15)
  A shock serpent (shapeshifter) (D:13)
  Urug (Lair:3)
  3 orc high priests
  Sonja (Lair:5)
  Amaemon (D:7)
  3 skeletal warriors (D:15)
  A pharaoh ant (Spider:1)
  A sea snake (shapeshifter) (D:14)
  An orb spider (Spider:1)
  A deep troll (D:15)
  A swamp dragon (Lair:5)
  2 wizards
  A necromancer (D:15)
  7 orc knights
  2 steelbarb worms (Spider:1)
  3 orc sorcerers
  A cyclops (D:15)
  4 deep elf pyromancers
  4 manticores
  An ugly thing (D:13)
  16 elephants
  3 black mambas
  Maurice (D:8)
  2 merfolk sirens (Lair:2)
  A demonic crawler (Spider:1)
  A gargoyle (D:12)
  5 torpor snails
  An orange demon (D:8)
  13 cane toads
  Maggie (Lair:2)
  11 komodo dragons
  An unseen horror (D:13)
  Psyche (D:11)
  2 tengu conjurers (D:14)
  4 rime drakes
  3 yaktaurs (D:15)
  10 trolls
  A queen bee (Lair:2)
  2 tarantellas (Spider:1)
  A polar bear (Lair:5)
  3 wolf spider simulacra
  A tarantella (shapeshifter) (D:13)
  5 blink frogs
  10 dream sheep
  9 slime creatures
  5 wyverns
  2 shadows
  A vampire (D:10)
  A wraith (D:8)
  Sigmund (D:4)
  68 yaks
  7 basilisks
  3 redbacks (Spider:1)
  11 vampire mosquitoes
  Menkaure (D:6)
  5 steam dragons
  Edmund (D:4)
  8 wargs
  2 acid dragons
  16 water moccasins
  A swamp drake (Lair:5)
  2 ice beasts
  25 orc warriors
  2 black bears
  A sky beast (D:7)
  5 ogres
  10 wolves
  8 centaurs
  A kobold brigand (D:8)
  13 bullfrogs
  A scorpion (D:5)
  3 gnoll sergeants
  4 wights (D:7)
  32 killer bees
  3 howler monkeys
  6 electric eels
  5 hounds
  5 jellies
  Crazy Yiuf (D:3)
  2 gnoll boudas
  8 orc priests
  Jessica (D:2)
  4 iguanas
  A sleepcap (D:6)
  Ijyb (D:4)
  Terence (D:3)
  Natasha (twice) (D:3)
  11 orc wizards
  8 adders
  33 gnolls
  A river rat (Lair:2)
  2 shadow imps
  A white imp (D:5)
  An ufetubus (D:5)
  12 worms
  9 dart slugs
  45 orcs
  5 ball pythons
  11 endoplasms
  12 goblins
  6 hobgoblins
  7 jackals
  11 kobolds
  2 quokkas (D:1)
  6 bats
  5 frilled lizards
  7 rats
676 creatures vanquished.

Vanquished Creatures (collateral kills)
  3 orc warriors (Orc:2)
3 creatures vanquished.

Vanquished Creatures (others)
  3 bushes (Lair:4)
  26 fungi
  46 plants
  4 spectral weapons
79 creatures vanquished.

Grand Total: 758 creatures vanquished

Notes
Turn   | Place    | Note
-------+----------+-------------------------------------------
     0 | D:1      | LLlMATKO the Minotaur Berserker began the quest for the
                  | Orb.
     0 | D:1      | Reached XP level 1. HP: 19/19 MP: 0/0
    90 | D:1      | Reached XP level 2. HP: 25/27 MP: 1/1
   421 | D:1      | Reached skill level 4 in Axes
   442 | D:1      | Found a faded altar of an unknown god.
   515 | D:1      | Reached XP level 3. HP: 33/33 MP: 2/2
   623 | D:1      | Reached ** piety under Trog
   884 | D:2      | Noticed Jessica
   888 | D:2      | Killed Jessica
   889 | D:2      | Reached XP level 4. HP: 41/41 MP: 3/3
  1822 | D:3      | Noticed Terence
  1828 | D:3      | Killed Terence
  1829 | D:3      | Reached XP level 5. HP: 47/47 MP: 4/4
  1953 | D:3      | Found an opulent altar of Gozag.
  1960 | D:3      | Found a broken altar of Ashenzari.
  2079 | D:3      | Found a runed translucent door.
  2080 | D:3      | Noticed Crazy Yiuf
  2106 | D:3      | Noticed Natasha
  2116 | D:3      | Killed Natasha
  2195 | D:3      | Found a glowing golden altar of the Shining One.
  2403 | D:3      | Noticed a water moccasin
  2412 | D:3      | Killed a water moccasin
  2413 | D:3      | Reached skill level 5 in Fighting
  2413 | D:3      | Reached skill level 5 in Axes
  2413 | D:3      | Reached XP level 6. HP: 56/56 MP: 5/5
  2785 | D:3      | Killed Crazy Yiuf
  2913 | D:3      | Noticed Natasha
  2919 | D:3      | Killed Natasha
  3105 | D:4      | Found a staircase to the Ecumenical Temple.
  3200 | D:4      | Reached skill level 5 in Armour
  3200 | D:4      | Reached XP level 7. HP: 22/62 MP: 6/6
  3388 | D:4      | Reached *** piety under Trog
  3418 | D:4      | Noticed Sigmund
  3422 | D:4      | Noticed Ijyb
  3423 | D:4      | Killed Sigmund
  3424 | D:4      | Reached skill level 6 in Axes
  3429 | D:4      | Killed Ijyb
  3732 | D:4      | Reached skill level 5 in Dodging
  3938 | D:4      | Noticed Edmund
  3960 | D:4      | Killed Edmund
  4243 | D:4      | Reached XP level 8. HP: 71/71 MP: 7/7
  4381 | D:5      | Entered Level 5 of the Dungeon
  4707 | D:5      | Reached skill level 7 in Axes
  5110 | D:5      | Reached **** piety under Trog
  6066 | D:6      | Noticed Menkaure
  6070 | D:6      | Killed Menkaure
  6071 | D:6      | Reached skill level 1 in Shields
  6109 | D:6      | Identified the +2 leather armour of Surprise {rN+ Int+2
                  | SInv}
  6215 | D:6      | Reached XP level 9. HP: 58/81 MP: 8/8
  6232 | D:6      | Reached skill level 8 in Axes
  8239 | D:8      | Noticed a two-headed ogre
  8248 | D:8      | Killed a two-headed ogre
  8249 | D:8      | Reached skill level 9 in Axes
  8249 | D:8      | Reached XP level 10. HP: 60/91 MP: 9/9
  8462 | D:8      | Reached skill level 5 in Shields
  8576 | D:8      | Noticed Amaemon
  8580 | D:8      | Noticed an orange demon
  8650 | D:8      | Noticed Maurice
  8845 | D:7      | Killed Amaemon
  8918 | D:8      | Killed an orange demon
  8923 | D:8      | Killed Maurice
  9059 | D:8      | Reached skill level 10 in Axes
  9128 | D:8      | Reached skill level 10 in Fighting
  9376 | D:9      | Found an iron altar of Okawaru.
  9605 | D:9      | Reached ***** piety under Trog
  9606 | D:9      | Reached XP level 11. HP: 86/100 MP: 10/10
  9616 | D:9      | Reached skill level 10 in Armour
 10028 | D:9      | Noticed Harold
 10048 | D:9      | Killed Harold
 10272 | D:9      | Noticed a two-headed ogre
 10286 | D:9      | Killed a two-headed ogre
 10642 | D:10     | Entered Level 10 of the Dungeon
 10882 | D:10     | Found a flagged portal.
 10887 | Bailey   | Entered a bailey
 11118 | Bailey   | Noticed an orc knight
 11125 | Bailey   | Killed an orc knight
 11389 | D:10     | Found a staircase to the Lair.
 11398 | D:10     | Reached skill level 11 in Axes
 11608 | D:10     | Reached skill level 10 in Dodging
 12045 | D:10     | Identified a scroll of acquirement
 12045 | D:10     | Acquired a manual of Axes
 12220 | D:11     | Noticed Psyche
 12231 | D:11     | Killed Psyche
 12609 | D:12     | Noticed an orc knight
 12609 | D:12     | Found a staircase to the Orcish Mines.
 12714 | D:12     | Killed an orc knight
 12715 | D:12     | Reached XP level 12. HP: 110/110 MP: 11/11
 12786 | D:12     | Reached skill level 12 in Axes
 12892 | D:12     | Noticed a boulder beetle
 12929 | D:12     | Killed a boulder beetle
 13060 | D:12     | Noticed a two-headed ogre
 13067 | D:12     | Killed a two-headed ogre
 13603 | D:13     | Reached skill level 13 in Axes
 13804 | D:13     | Noticed a six-headed hydra
 13818 | D:13     | Killed a 19-headed hydra
 14110 | D:13     | Found a gate to the Vaults.
 14158 | D:13     | Reached skill level 10 in Shields
 14674 | Lair:1   | Entered Level 1 of the Lair of Beasts
 14785 | Lair:1   | Reached skill level 14 in Axes
 14855 | Lair:1   | Identified the +6 whip of Jiapaare {elec, rN+++ Will+ rCorr
                  | Str-2}
 14866 | Lair:1   | Reached XP level 13. HP: 117/119 MP: 12/12
 15425 | Lair:2   | Noticed Erica
 15447 | Lair:2   | Killed Erica
 15488 | Lair:2   | Noticed Maggie
 15495 | Lair:2   | Killed Maggie
 15631 | Lair:2   | Received a gift from Trog
 15778 | Lair:2   | Found a staircase to the Shoals.
 15968 | Lair:2   | Reached skill level 15 in Axes
 15999 | Lair:2   | Identified the ring "Zyisah" {Fire rCorr Str+4 Int-5 Dex+4
                  | SInv}
 16615 | Lair:2   | Found a staircase to the Shoals.
 17324 | Lair:3   | Found a hole to the Spider Nest.
 17376 | Lair:3   | Noticed Urug
 17390 | Lair:3   | Killed Urug
 17975 | Lair:4   | Reached skill level 16 in Axes
 18075 | Lair:4   | Reached XP level 14. HP: 132/132 MP: 4/13
 18176 | Lair:4   | Noticed Rupert
 18210 | Lair:4   | Paralysed by Rupert for 2 turns
 18213 | Lair:4   | HP: 4/132 [Rupert/+1 executioner's axe of electrocution
                  | (9)]
 18710 | Lair:4   | Killed Rupert
 18903 | Lair:4   | Received a gift from Trog
 19011 | Lair:5   | Entered Level 5 of the Lair of Beasts
 19020 | Lair:5   | Reached skill level 17 in Axes
 19053 | Lair:5   | Noticed Sonja
 19161 | Lair:5   | Killed Sonja
 19863 | Lair:5   | Reached skill level 15 in Fighting
 20075 | Lair:5   | Found a staircase to the Slime Pits.
 20404 | Lair:5   | Reached skill level 18 in Axes
 20425 | Lair:5   | Acquired a manual of Evocations
 20613 | Lair:5   | Reached XP level 15. HP: 110/141 MP: 4/14
 20997 | Orc:1    | Entered Level 1 of the Orcish Mines
 21043 | Orc:1    | Received a gift from Trog
 21278 | Orc:2    | Entered Level 2 of the Orcish Mines
 21344 | Orc:2    | Found a staircase to the Elven Halls.
 21371 | Orc:1    | Reached skill level 15 in Armour
 21516 | Orc:2    | Found Naaj Cen's General Store.
 22084 | Orc:2    | Found Lusch's Antique Weapon Shop.
 22208 | Orc:2    | Found Postrun's Jewellery Boutique.
 22220 | Orc:2    | Found Guetur's Antique Armour Shoppe.
 22354 | Orc:2    | Found a runed translucent gate.
 22354 | Orc:2    | Found a runed translucent gate.
 22354 | Orc:2    | Noticed Farlane's ghost (journeyman HOMo)
 22355 | Orc:2    | Found a runed translucent gate.
 22538 | Orc:2    | Killed Farlane's ghost
 22688 | D:14     | Found a hide-covered altar of Uskayaw.
 22692 | D:14     | Noticed Agnes
 22705 | D:14     | Killed Agnes
 22766 | D:14     | Received a gift from Trog
 22827 | D:14     | Reached skill level 19 in Axes
 22945 | D:14     | Noticed Louise
 22978 | D:14     | Killed Louise
 23205 | D:14     | Found Liesur's Distillery.
 23620 | D:15     | Entered Level 15 of the Dungeon
 23704 | D:15     | Found a staircase to the Depths.
 24749 | Spider:1 | Entered Level 1 of the Spider Nest
 25429 | Spider:1 | Annihilated by a radroach

Illustrated notes

Levels and vault maps discovered:
D:1:      dpeg_arrival_simpleton_b, layout_loops_ring,
          hellmonk_ecumenical_altar_dog_temple
D:2:      layout_basic, nrook_loot_triangle, uniq_jessica
D:3:      kennysheep_six_static_rooms, layout_basic,
          nicolae_tso_carved_into_rock, mainiacjoe_overflow_big_doors,
          uniq_terence, uniq_natasha, uniq_crazy_yiuf_cottage
D:4:      layout_loops_cross, minmay_temple_entry_wispy,
          serial_co_window_serial, co_window_of_opportunity_a,
          co_window_paths_a, co_window_paths_a, co_window_corner_a,
          co_window_paths_a, co_window_of_opportunity_a, co_window_cross_1,
          co_window_corner_b, co_window_corner_ca, co_window_paths_c,
          co_window_paths_c, co_window_4corner_a, co_window_paths_d,
          glass_columns_a, glass_columns_b, minmay_misc_feat_diagonals,
          uniq_sigmund, uniq_ijyb, uniq_edmund
D:5:      kennysheep_slugbush, layout_loops_ring, nicolae_wormholes
D:6:      layout_layer_cave, uniq_menkaure
D:7:      layout_basic
D:8:      layout_rooms, nicolae_overflow_hidden_temple, uniq_amaemon,
          uniq_maurice
D:9:      layout_loops_ring, hellmonk_okawaru_the_only_friend_you_need,
          uniq_harold
D:10:     layout_gridville, david_lair_shrubbed, enter_bailey_3, minivault_14
D:11:     layout_rooms, uniq_psyche
D:12:     layout_basic, orc_david_3, hangedman_abyss_or_decor_jellyfish_corner,
          corexii_checkpoint_b
D:13:     layout_irregular_city, david_vaults_1, chequers_avenue
D:14:     nicolae_hitomezashi [nicolae_hito_row, nicolae_hito_row,
          nicolae_hito_row, nicolae_hito_row, nicolae_hito_row,
          nicolae_hito_row, nicolae_hito_row, nicolae_hito_row,
          nicolae_hito_row, nicolae_hito_row, nicolae_hito_row,
          nicolae_hito_row, nicolae_hito_row, nicolae_hito_row,
          nicolae_hito_row, nicolae_hito_row, nicolae_hito_row,
          nicolae_hito_row], layout_stronghold, serial_shops, shop,
          nicolae_uskayaw_dance_hall, serial_glass, glass_columns_c,
          glass_columns_a, uniq_agnes, uniq_louise
D:15:     hangedman_depths_entry_civil_slaughter, layout_loops_ring,
          nicolae_kite_square_tiling_tiny
Lair:1:   layout_regular_city
Lair:2:   regret_index_bee_streams, layout_chaotic_city,
          elwin_shoals_entry_rooms, uniq_maggie, uniq_erica
Lair:3:   layout_roguey, dummy_spider_entry, grunt_megastairs_5, uniq_urug
Lair:4:   layout_roguey, grunt_megastairs_2, uniq_rupert
Lair:5:   guppyfry_lair_end_dragon, layout_gridlike, hangedman_lair_in_review,
          slime_entry_1, nicolae_quartered_pool_super, uniq_sonja
Spider:1: layout_spider_delve
Orc:1:    layout_diamond_mine
Orc:2:    grunt_orc_gardens, layout_caves, grunt_orc_garden, grunt_orc_garden,
          grunt_orc_garden, grunt_orc_garden, gammafunk_ghost_split

Skill      XL: |  1  2  3  4  5  6  7  8  9 10 11 12 13 14 15 |
---------------+----------------------------------------------+-----
Fighting       | 4 5 6 7 9 10 11 12 14 15 16 | 16.2
Axes           | 4 5 6 7 9 10 11 14 16 18 19 | 19.4
Armour         | 3 4 5 6 7 8 9 11 12 13 14 15 | 15.9
Dodging        | 3 4 5 6 7 9 10 11 12 13 14 | 14.7
Shields        | 1 4 6 8 10 11 13 14 | 14.5

Action                     |  1- 3 |  4- 6 |  7- 9 | 10-12 | 13-15 || total
---------------------------+-------+-------+-------+-------+-------++-------
  Melee: Hand axe          |    57 |   152 |   167 |   540 |    61 ||   977
         Headbutt          |    11 |    21 |    60 |   188 |   269 ||   549
         Punch             |       |       |     2 |       |       ||     2
         War axe           |       |       |   145 |    81 |    16 ||   242
         Unarmed           |       |       |       |     1 |       ||     1
         Broad axe         |       |       |       |       |  1078 ||  1078
  Throw: Dart              |       |       |       |     5 |    26 ||    31
         Throwing net      |       |       |       |     2 |       ||     2
         Javelin           |       |       |       |       |     2 ||     2
 Invoke: Berserk           |     1 |     5 |     7 |     9 |    17 ||    39
         Trog's Hand       |       |       |       |     5 |     4 ||     9
         Brothers in Arms  |       |       |       |       |     1 ||     1
    Use: Scroll            |       |       |       |    14 |     4 ||    18
   Stab: Distracted        |       |       |       |     6 |     1 ||     7
 Armour: Animal skin       |     8 |     5 |       |       |       ||    13
         Chain mail        |       |    77 |   147 |       |       ||   224
         Plate armour      |       |       |    26 |   244 |   576 ||   846
  Dodge: Dodged            |    39 |    49 |   144 |   179 |   399 ||   810
  Block: Kite shield       |       |       |    59 |   256 |   588 ||   903
         Tower shield      |       |       |       |       |   163 ||   163
